 Dungeon Crawl Stone Soup version 0.26.1-11-gd32895ea62 (webtiles) character file.

Game seed: 10751733631135264848

99 H0rd4k the Insei (level 4, -1/28 HPs)
             Began as an Octopode Transmuter on May 4, 2021.
             Slain by an adder (5 damage)
             ... on level 3 of the Dungeon.
             The game lasted 00:01:28 (2605 turns).

H0rd4k the Insei (Octopode Transmuter)              Turns: 2605, Time: 00:01:29

Health: -1/28      AC:  1    Str:  9    XL:     4   Next: 72%
Magic:  7/7        EV: 17    Int: 16    God:
Gold:   118        SH:  0    Dex: 12    Spells: 7/8 levels left

rFire    + . .     SeeInvis .     - Unarmed
rCold    x . .     Faith    .   (no shield)
rNeg     . . .     Spirit   .   (helmet restricted)
rPois    .         Reflect  .   (no amulet)
rElec    .         Harm     .   e - +4 ring of evasion
rCorr    .         Rampage  .   k - ring of fire
Will     .....                  (no ring)
Stlth    +++.......             (no ring)
HPRegen  0.09/turn              (no ring)
MPRegen  0.10/turn              (no ring)
                                (no ring)
                                (no ring)

@: lethally poisoned (-1 -> -9)
A: almost no armour, stealthy swim, amphibious, 8 rings, constrict 8, camouflage
1, gelatinous body 1
a: no special abilities


You were on level 3 of the Dungeon.
You visited 1 branch of the dungeon, and saw 3 of its levels.

You collected 118 gold pieces.

Inventory:

Jewellery
 e - a +4 ring of evasion (left tentacle)
 k - a ring of fire (right tentacle)
Scrolls
 a - 2 scrolls of blinking {unknown}
 b - 3 scrolls of identify {unknown}
 d - 2 scrolls of noise {unknown}
 f - a scroll of enchant weapon {unknown}
 h - a scroll of teleportation {unknown}
 j - 2 scrolls of remove curse {unknown}
Potions
 c - 2 potions of flight {unknown}
 g - 3 potions of curing {unknown}
 i - a potion of attraction {unknown}


   Skills:
 + Level 1.5 Fighting
 + Level 2.4 Dodging
 + Level 1.0 Stealth
 + Level 3.9 Unarmed Combat
 * Level 2.5 Spellcasting
 * Level 2.7 Transmutations


You had 7 spell levels left.
You knew the following spells:

 Your Spells              Type           Power        Failure   Level
a - Beastly Appendage     Tmut           20%          6%          1

Your spell library contained the following spells:

 Spells                   Type           Power        Failure   Level
 Wereblood                Tmut           10%          10%         2
 Spider Form              Tmut/Pois      3%           32%         3
 Ice Form                 Ice/Tmut       6%           73%         4
 Blade Hands              Tmut           5%           87%         5


Dungeon Overview and Level Annotations

Branches:
Dungeon (3/15)

Altars:
Makhleb
Qazlal


Innate Abilities, Weirdness & Mutations

You cannot wear most types of armour.
You are very stealthy in the water. (Stealth+)
You are amphibious.
You can wear up to eight rings at the same time.
You can use your tentacles to constrict eight enemies at once.
Your skin changes colour to match your surroundings (Stealth+).
Your rubbery body absorbs attacks. (AC +1, EV +1)


Message History

The adder bites you. The kobold barely misses you.
The hobgoblin barely misses you.
You barely miss the adder. Your grab misses the adder.
The adder is severely wounded.
You feel sick. The adder bites you.
You are more poisoned.
The adder poisons you! The kobold barely misses you.
The hobgoblin closely misses you. The adder misses you.
You barely miss the adder. You grab the adder.
The adder is severely wounded.
You constrict the adder. The kobold hits you with a +0 dagger.
* * * LOW HITPOINT WARNING * * *
The hobgoblin closely misses you. The adder bites you.
* * * LOW HITPOINT WARNING * * *
You completely miss the adder. Your squeeze misses the adder.
The adder is severely wounded.
You constrict the adder.
* * * LOW HITPOINT WARNING * * *
You feel sick. The kobold barely misses you. The adder bites you.
You die...

..#.....#..........o......
.....#.........##......
... #...##...#......#. ..
.................#. .
.#...............###
................#.#
.#.............. ### #@#


#SKg# #.⌠.# #...# ##..# ###. . .⌠ You could see an adder, a hobgoblin and a
kobold.

Vanquished Creatures
  A worker ant zombie (D:2)
  3 adders
  A worm (D:2)
  A leopard gecko (D:2)
  2 orcs
  A giant cockroach (D:1)
  8 goblins
  9 hobgoblins
  6 jackals (D:2)
  A ball python (D:1)
  11 bats
  5 frilled lizards
  3 kobolds (D:1)
  4 rats
56 creatures vanquished.

Notes
Turn   | Place    | Note
-------+----------+-------------------------------------------
     0 | D:1      | H0rd4k the Octopode Transmuter began the quest for the Orb.
     0 | D:1      | Reached XP level 1. HP: 13/13 MP: 3/3
   409 | D:1      | Reached XP level 2. HP: 14/18 MP: 5/5
   906 | D:2      | Reached XP level 3. HP: 3/23 MP: 6/6
  1352 | D:2      | Reached XP level 4. HP: 21/28 MP: 7/7
  1530 | D:2      | Found a burning altar of Makhleb.
  1530 | D:2      | Noticed a green death
  1533 | D:2      | Noticed a ynoxinul
  1533 | D:2      | Noticed an orange demon
  1674 | D:2      | Found a stormy altar of Qazlal.
  2361 | D:3      | Reached skill level 1 in Stealth
  2605 | D:3      | Slain by an adder

Illustrated notes

Levels and vault maps discovered:
D:1:      dpeg_arrival_tiny_h, layout_rooms, st_stairs_8, grunt_decor_fettered,
          minmay_misc_feat_rows
D:2:      layout_rooms, makhleb_altar_promises_db, grunt_qazlal_sundering,
          minmay_hexomino_p4
D:3:      minmay_octagon_keep, layout_rooms, tso_altar,
          gammafunk_ghost_cemetery, serial_bayou_ford_a, grunt_ministairs_4,
          uniq_jessica

Skill      XL: |  1  2  3  4 |
---------------+-------------+-----
Stealth        | 1 |  1.0
Fighting       | |  1.5
Dodging        | |  2.4
Unarmed Combat | |  3.9
Spellcasting   | |  2.5
Transmutations | |  2.7

Action                   |  1- 3 |  4- 6 || total
-------------------------+-------+-------++-------
Melee: Unarmed           |    78 |    76 ||   154
       Constrict         |    22 |    16 ||    38
       Tentacles         |    11 |     8 ||    19
       Punch             |     1 |     3 ||     4
 Stab: Distracted        |     1 |     1 ||     2
       Sleeping          |       |     5 ||     5
Armor: Skin              |     7 |    12 ||    19
Dodge: Dodged            |    62 |    66 ||   128
